 Dungeon Crawl Stone Soup version 0.31.0-11-ge490571c62 (webtiles) character file.

Game seed: 9109795074908537281

203 Gadfly the Insei (level 5, 41/41 HPs)
             Began as a Demonspawn Monk on Jan 31, 2024.
             Quit the game on level 3 of the Dungeon.
             The game lasted 00:02:24 (2134 turns).

Gadfly the Insei (Demonspawn Monk)                  Turns: 2134, Time: 00:02:24

Health: 41/41      AC:  9    Str: 13    XL:     5   Next: 51%
Magic:  5/5        EV: 13    Int: 10    God:
Gold:   160        SH:  0    Dex: 16    Spells: 4/4 levels left

rFire   . .          .
                       - Unarmed
rCold   . . .        c - orb {light}
rNeg    . . .        a - +0 robe
rPois   .            h - +0 helmet
rElec   .            (no cloak)
rCorr   .            (no gloves)
SInv    .            (no boots)
Will    .....        (no amulet)
Stlth   +            d - +4 ring of protection
HPRegen 0.26/turn    (no ring)
MPRegen 0.18/turn

%: no passive effects
@: glowing
A: claws 1, thin metallic scales 1, magic regeneration
a: no special abilities


You were on level 3 of the Dungeon.
You visited 1 branch of the dungeon, and saw 3 of its levels.

You collected 160 gold pieces.

Inventory:

Armour
 a - a +0 robe (worn)
 c - an orb of light (worn)
 h - a +0 helmet (worn)
Jewellery
 d - a +4 ring of protection (left claw)
Talismans
 e - a flux talisman
Scrolls
 f - 3 scrolls of teleportation
 g - a scroll of identify
 j - a scroll of enchant armour {unknown}
Potions
 i - a potion of resistance


   Skills:
 - Level 3.0 Fighting
 + Level 3.3 Dodging
 * Level 3.8 Unarmed Combat
 * Level 2.6 Evocations
 * Level 2.0 Shapeshifting


You had 4 spell levels left.
You didn't know any spells.
Your spell library contained the following spells:

 Spells                   Type           Power      Damage    Failure   Level
 Dazzling Flash           Conj/Hex       0%         N/A       75%         3
 Volatile Blastmotes      Fire/Tloc      0%         2d10      75%         3
 Starburst                Conj/Fire      0%         6d3       100%        6
 Maxwell's Capacitive Co  Air            0%         ∞         100%        8


Dungeon Overview and Level Annotations

Branches:
Dungeon (3/15)

Altars:
Fedhas
Qazlal


Innate Abilities, Weirdness & Mutations

You have sharp fingernails.
You are partially covered in thin metallic scales. (AC +2)
You regenerate magic rapidly.


Message History

The ogre hits you with a +0 giant club!!
Ouch! That really hurt!
* * * LOW HITPOINT WARNING * * *
You are confused.
You feel invigorated. The ogre barely misses you.
You bump into the rock wall.
Unknown command.
Okay, then.
You scratch the ogre but do no damage.
The ogre is heavily wounded.
The ogre barely misses you.
You bump into the rock wall.
The ogre hits you with a +0 giant club!
* * * LOW HITPOINT WARNING * * *
You barely miss the ogre.
The ogre is heavily wounded.
You bump into the rock wall.
The ogre closely misses you.
You bump into the rock wall.
You feel less invigorated.
You feel less confused. The ogre closely misses you.
You scratch the ogre.
The ogre is severely wounded.
Okay, then.
You scratch the ogre.
The ogre is severely wounded.
The ogre hits you with a +0 giant club.
You scratch the ogre.
The ogre is almost dead.
You scratch the ogre.
The ogre is almost dead.
The ogre hits you with a +0 giant club!
* * * LOW HITPOINT WARNING * * *
You scratch the ogre.
You kill the ogre!
Your Shapeshifting skill increases to level 2!
You have reached level 5!
Your demonic ancestry asserts itself...
Your magic begins to regenerate rapidly.
You start resting.
HP restored.
Are you sure you want to abandon this character and quit the game? (Confirm with "yes".)

#.###..............
#.# #........)~~.~~
#.# #.....##~~P~P~~
#. #.....###~~P~~~
#####.#########
#.♣♣♣♣♣
#...........#
#...♣♣♣
#...........#
#...^..
#...........#
#...... #)@..#
#...... #######.#
#<..... ####
#.....#.# ####.##
#P~♣#####.##.##.#
#.#.
#♣~~)...##.##.##.#
#.#.
♣~~~~......##.##.#
#...
♣≈≈~~...##.....#.#
#...
♣~~~P...##..#..#.##
#...
#P♣~~...##..#..#..#
##.##


There were no monsters in sight!

Vanquished Creatures
  An ogre (D:3)
  3 gnolls (D:3)
  3 adders
  2 ribbon worms (D:3)
  2 dart slugs
  An orc (D:3)
  3 endoplasms
  2 giant cockroaches
  3 goblins
  5 hobgoblins
  4 jackals (D:1)
  3 kobolds
  3 quokkas
  3 ball pythons
  3 bats
  3 frilled lizards
  5 rats
49 creatures vanquished.

Notes
Turn   | Place    | Note
-------+----------+-------------------------------------------
     0 | D:1      | Gadfly the Demonspawn Monk began the quest for the Orb.
     0 | D:1      | Reached XP level 1. HP: 18/18 MP: 1/1
   169 | D:1      | Gained mutation: You are partially covered in thin metallic
                  | scales. (AC +2) [demonic ancestry]
   169 | D:1      | Reached XP level 2. HP: 15/24 MP: 2/2
   413 | D:1      | Reached skill level 1 in Evocations
   840 | D:1      | Found a faded altar of an unknown god.
  1278 | D:2      | Reached skill level 1 in Shapeshifting
  1278 | D:2      | Reached XP level 3. HP: 26/29 MP: 3/3
  1438 | D:2      | You fall into a shaft and drop 1 floor!
  1496 | D:3      | Gained mutation: You have sharp fingernails. [demonic
                  | ancestry]
  1496 | D:3      | Reached XP level 4. HP: 35/35 MP: 4/4
  1812 | D:3      | Found a stormy altar of Qazlal.
  1813 | D:3      | Found a blossoming altar of Fedhas.
  1908 | D:3      | Identified the +0 mace of the Orb {venom, Int+2}
  1973 | D:3      | Noticed an ogre
  1994 | D:3      | Killed an ogre
  1995 | D:3      | Gained mutation: You regenerate magic rapidly. [demonic
                  | ancestry]
  1995 | D:3      | Reached XP level 5. HP: 4/41 MP: 5/5
  2134 | D:3      | Quit the game

Illustrated notes

Levels and vault maps discovered:
D:1:      amcnicky_arrival_wind_blow, layout_basic,
          nicolae_ecumenical_lake_church
D:2:      layout_rooms
D:3:      layout_basic, grunt_temple_overflow_forces_of_nature, serial_bayou,
          serial_bayou_ford_a, serial_bayou_lagoon_a, serial_bayou_pond_e,
          serial_bayou_shore_a, serial_bayou_shore_b, serial_bayou_shore_b,
          minmay_pentomino_pile

Skill      XL: |  1  2  3  4 |
---------------+-------------+-----
Unarmed Combat | 3 |  3.8
Evocations     | 1 2 |  2.6
Shapeshifting  | 1 2 |  2.0
Dodging        | 3 |  3.3
Fighting       | |  3.0

Action                     |  1- 3 |  4- 6 || total
---------------------------+-------+-------++-------
  Melee: Unarmed           |   114 |    63 ||   177
    Use: Scroll            |     2 |     2 ||     4
         Potion            |       |     1 ||     1
 Armour: Robe              |    49 |    29 ||    78
  Dodge: Dodged            |    84 |    28 ||   112
